 Dungeon Crawl Stone Soup version 0.25.1-8-g42b30a86e7 (webtiles) character file.

Game seed: 3725454183095955483

539 Azimut41r the Charlatan (level 7, -8/52 HPs)
             Began as a Gnoll Artificer on Dec 13, 2020.
             Killed from afar by an orc wizard (10 damage)
             ... with a puff of frost
             ... on level 4 of the Dungeon.
             The game lasted 00:20:28 (4361 turns).

Azimut41r the Charlatan (Gnoll Artificer)           Turns: 4361, Time: 00:20:29

Health: -8/52      AC:  3    Str: 15    XL:     7   Next: 26%
Magic:  12/12      EV: 14    Int: 15    God:
Gold:   198        SH:  0    Dex: 15    Spells: 10/10 levels left

rFire    . . .     SeeInvis .   f - +1 spear (vorpal)
rCold    . . .     Gourm    .   (no shield)
rNeg     . . .     Faith    .   b - +0 leather armour
rPois    .         Spirit   .   (no helmet)
rElec    .         Reflect  .   (no cloak)
rCorr    .         Harm     .   (no gloves)
MR       .....                  (no boots)
Stlth    ++........             (no amulet)
HPRegen  0.17/turn              (no ring)
MPRegen  0.13/turn              (no ring)

@: no status effects
A: distributed training, fangs 1, strong nose
a: no special abilities


You were on level 4 of the Dungeon.
You were hungry.

You visited 1 branch of the dungeon, and saw 4 of its levels.

You collected 198 gold pieces.

Inventory:

Hand Weapons
 a - a +0 short sword
 f - a +1 vorpal spear (weapon)
Missiles
 i - 43 bolts
 j - 6 poisoned darts
 o - 2 boomerangs (quivered)
Armour
 b - a +0 leather armour (worn)
Jewellery
 p - an uncursed ring of positive energy {unknown}
 s - an uncursed ring of poison resistance {unknown}
Wands
 d - a wand of enslavement (13)
Scrolls
 g - 2 scrolls of immolation {unknown}
 h - a scroll of fog
 k - 2 scrolls of identify {unknown}
 r - a scroll of remove curse
 u - a scroll of enchant armour {unknown}
 v - a scroll of amnesia {unknown}
Potions
 q - a potion of cancellation
 w - 2 potions of magic {unknown}
Comestibles
 c - a chunk of flesh
 t - 7 rations


   Skills:
 + Level 3.5 Fighting
 + Level 3.5 Short Blades
 + Level 2.3 Long Blades
 + Level 2.3 Axes
 + Level 2.3 Maces & Flails
 + Level 2.3 Polearms
 + Level 2.3 Staves
 + Level 2.3 Slings
 + Level 2.3 Bows
 + Level 2.3 Crossbows
 + Level 2.3 Throwing
 + Level 2.3 Armour
 + Level 5.1 Dodging
 + Level 3.3 Stealth
 + Level 2.3 Shields
 + Level 2.3 Unarmed Combat
 + Level 2.3 Spellcasting
 + Level 1.9 Conjurations
 + Level 1.9 Hexes
 + Level 1.9 Charms
 + Level 1.9 Summonings
 + Level 1.9 Necromancy
 + Level 1.9 Translocations
 + Level 1.9 Transmutations
 + Level 1.9 Fire Magic
 + Level 1.9 Ice Magic
 + Level 1.9 Air Magic
 + Level 1.9 Earth Magic
 + Level 1.9 Poison Magic
 + Level 2.5 Invocations
 + Level 7.0 Evocations


You had 10 spell levels left.
You didn't know any spells.
Your spell library was empty.

Dungeon Overview and Level Annotations

Branches:
Dungeon (4/15)
 Temple: D:4-7

Altars:


Innate Abilities, Weirdness & Mutations

Your experience applies equally to all skills.
You have very sharp teeth.
Your uncanny sense of smell can sniff out nearby items.


Message History

Your +0 leather armour unmelds from your body.
You start resting.
An orc wizard comes into view. It is wielding a +0 dagger.
An orc comes into view.
An orc priest comes into view. It is wielding a +1 vorpal long sword.
The orc wizard gestures at you while chanting.
The puff of frost hits you.
The orc wizard points at you and mumbles some strange words.
The puff of flame hits you!
* * * LOW HITPOINT WARNING * * *
You are feeling hungry.
The orc wizard gestures at you while chanting.
The puff of flame hits you!
* * * LOW HITPOINT WARNING * * *
The orc wizard gestures at you while chanting.
The magic dart hits you.
* * * LOW HITPOINT WARNING * * *
The orc wizard casts a spell at you. The puff of frost hits you!
You die...

.....##.)#...........#
...## ###).####......#
... #)## ##...#...#
...# #)# #...## ###
#.# ##)# #...#
#..###..####..######
#....))##...###..##
##..##......##.##.#
##..@###........####
#..............##
......##..........# #
.....###.........##
.#..###.##........# ∆
##. ...###o......## #
####.##........### .
#............# # #..
##.......)##.##


You could see an orc wizard.

Vanquished Creatures
  Menkaure (D:4)
  An orc warrior (D:4)
  2 slaves (D:4)
  An orc priest (D:4)
  An orc wizard (D:4)
  A gnoll shaman (D:4)
  Jessica (D:2)
  7 gnolls
  5 adders
  A worm (D:2)
  3 dart slugs
  8 orcs
  8 bats
  A giant cockroach (D:3)
  10 goblins
  6 hobgoblins
  2 quokkas (D:3)
  2 ball pythons
  5 frilled lizards
  13 kobolds
  A quokka skeleton (D:4)
  11 rats
91 creatures vanquished.

Vanquished Creatures (collateral kills)
  An ooze (D:4)
1 creature vanquished.

Vanquished Creatures (others)
  A slave (D:4)
1 creature vanquished.

Grand Total: 93 creatures vanquished

Notes
Turn   | Place    | Note
-------+----------+-------------------------------------------
     0 | D:1      | Azimut41r the Gnoll Artificer began the quest for the Orb.
     0 | D:1      | Reached XP level 1. HP: 17/17 MP: 4/4
   121 | D:1      | Reached XP level 2. HP: 23/23 MP: 6/6
   515 | D:1      | Reached XP level 3. HP: 23/28 MP: 7/7
  1161 | D:2      | Reached skill level 1 in Invocations
  1271 | D:2      | Reached skill level 1 in Long Blades
  1271 | D:2      | Reached skill level 1 in Axes
  1271 | D:2      | Reached skill level 1 in Maces & Flails
  1271 | D:2      | Reached skill level 1 in Polearms
  1271 | D:2      | Reached skill level 1 in Staves
  1271 | D:2      | Reached skill level 1 in Slings
  1271 | D:2      | Reached skill level 1 in Bows
  1271 | D:2      | Reached skill level 1 in Crossbows
  1271 | D:2      | Reached skill level 1 in Throwing
  1271 | D:2      | Reached skill level 1 in Armour
  1271 | D:2      | Reached skill level 1 in Shields
  1271 | D:2      | Reached skill level 1 in Unarmed Combat
  1271 | D:2      | Reached skill level 1 in Spellcasting
  1271 | D:2      | Reached XP level 4. HP: 34/34 MP: 8/8
  1547 | D:2      | Noticed Jessica
  1555 | D:2      | Killed Jessica
  1555 | D:2      | Reached skill level 1 in Conjurations
  1555 | D:2      | Reached skill level 1 in Hexes
  1555 | D:2      | Reached skill level 1 in Charms
  1555 | D:2      | Reached skill level 1 in Summonings
  1555 | D:2      | Reached skill level 1 in Necromancy
  1555 | D:2      | Reached skill level 1 in Translocations
  1555 | D:2      | Reached skill level 1 in Transmutations
  1555 | D:2      | Reached skill level 1 in Fire Magic
  1555 | D:2      | Reached skill level 1 in Ice Magic
  1555 | D:2      | Reached skill level 1 in Air Magic
  1555 | D:2      | Reached skill level 1 in Earth Magic
  1555 | D:2      | Reached skill level 1 in Poison Magic
  1832 | D:2      | Reached XP level 5. HP: 39/40 MP: 9/9
  3320 | D:4      | Noticed an orc warrior
  3327 | D:4      | Killed an orc warrior
  3327 | D:4      | Reached XP level 6. HP: 18/47 MP: 11/11
  3329 | D:4      | Reached skill level 5 in Dodging
  3826 | D:4      | Noticed Menkaure
  3913 | D:4      | Killed Menkaure
  3913 | D:4      | Reached skill level 7 in Evocations
  3913 | D:4      | Reached XP level 7. HP: 14/52 MP: 12/12
  4360 | D:4      | HP: 2/52 [orc wizard/magic dart (6)]
  4361 | D:4      | Killed from afar by an orc wizard

Illustrated notes

Levels and vault maps discovered:
D:1:      wheals_arrival_shading, layout_basic, minmay_tetromino_o2
D:2:      layout_loops_ring, uniq_jessica
D:3:      layout_loops_ring, serial_aquarium, aquarium_bridge_long_joined
          [aquarium_subvault_window, aquarium_subvault_wall,
          aquarium_subvault_wall, aquarium_subvault_bridge,
          aquarium_subvault_bridge, aquarium_subvault_bridge],
          aquarium_window_fake, aquarium_window_1, aquarium_view_2b,
          aquarium_view_2a, aquarium_balcony_double_2, aquarium_pool_S
D:4:      layout_layer_cave, kennysheep_little_box, kennysheep_mini_moat,
          nemelex_xobeh_ov_fountains_minmay, first_ration, uniq_pikel,
          uniq_menkaure

Skill      XL: |  1  2  3  4  5  6 |
---------------+-------------------+-----
Invocations    | 1 2 |  2.5
Long Blades    | 1 2 |  2.3
Axes           | 1 2 |  2.3
Maces & Flails | 1 2 |  2.3
Polearms       | 1 2 |  2.3
Staves         | 1 2 |  2.3
Slings         | 1 2 |  2.3
Bows           | 1 2 |  2.3
Crossbows      | 1 2 |  2.3
Throwing       | 1 2 |  2.3
Armour         | 1 2 |  2.3
Shields        | 1 2 |  2.3
Unarmed Combat | 1 2 |  2.3
Spellcasting   | 1 2 |  2.3
Conjurations   | 1 |  1.9
Hexes          | 1 |  1.9
Charms         | 1 |  1.9
Summonings     | 1 |  1.9
Necromancy     | 1 |  1.9
Translocations | 1 |  1.9
Transmutations | 1 |  1.9
Fire Magic     | 1 |  1.9
Ice Magic      | 1 |  1.9
Air Magic      | 1 |  1.9
Earth Magic    | 1 |  1.9
Poison Magic   | 1 |  1.9
Fighting       | 3 |  3.5
Short Blades   | 3 |  3.5
Stealth        | 3 |  3.3
Dodging        | 5 |  5.1
Evocations     | 7 |  7.0

Action                   |  1- 3 |  4- 6 |  7- 9 || total
-------------------------+-------+-------+-------++-------
Melee: Short sword       |    93 |   114 |       ||   207
       Bite              |    12 |    12 |     5 ||    29
       Spear             |       |     3 |    28 ||    31
Throw: Dart              |     4 |       |       ||     4
       Boomerang         |    13 |    72 |     5 ||    90
Evoke: Wand              |     3 |    27 |     2 ||    32
  Use: Scroll            |       |     2 |       ||     2
       Potion            |       |     2 |     2 ||     4
 Stab: Sleeping          |     3 |     4 |       ||     7
  Eat: Chunk             |     1 |     5 |     1 ||     7
       Ration            |       |     1 |       ||     1
Armor: Leather armour    |    17 |    20 |       ||    37
       Skin              |       |     6 |     4 ||    10
Dodge: Dodged            |    70 |   106 |    15 ||   191
